 Dungeon Crawl Stone Soup version 0.29.1-4-g47bece8355 (webtiles) character file.

Game seed: 1751338613357233748

256 GigaChad the Chopper (level 5, -4/50 HPs)
             Began as a Minotaur Fighter on Dec 8, 2022.
             Was a Follower of Ashenzari.
             Slain by a hornet (6 damage)
             ... on level 4 of the Dungeon.
             The game lasted 00:05:17 (3598 turns).

GigaChad the Chopper (Minotaur Fighter)             Turns: 3598, Time: 00:05:17

Health: -4/50      AC:  7    Str: 23    XL:     5   Next: 92%
Magic:  4/4        EV:  9    Int:  5    God:    Ashenzari [*.....]
Gold:   251        SH:  9    Dex:  9    Spells: 4/4 levels left

rFire   . . .      SeeInvis .   a - +2 war axe
rCold   . . .      Faith    .   c - +0 buckler "I Knew You'd Do That" {Bglg, Elem} (curse)
rNeg    . . .      Spirit   .   b - +0 scale mail
rPois   .          Reflect  +   (helmet restricted)
rElec   .          Harm     .   (no cloak)
rCorr   .          Rampage  .   (no gloves)
Will    .....                   (no boots)
Stlth   ..........              t - amulet of Star-Bound Wisdom {Reflect SH+5, Self, Comp} (curse)
HPRegen 0.16/turn               (no ring)
MPRegen 0.09/turn               (no ring)

@: slowed, very slow
A: horns 2, retaliatory headbutt
a: Renounce Religion, Shatter the Chains


You were on level 4 of the Dungeon.
You worshipped Ashenzari.
Ashenzari was aware of your devotion.
You visited 2 branches of the dungeon, and saw 5 of its levels.

You collected 251 gold pieces.

Inventory:

Hand Weapons
 a - a +2 war axe (weapon)
 o - a +0 great sword
Armour
 b - a +0 scale mail (worn)
 c - the cursed +0 buckler "I Knew You'd Do That" (worn) {Bglg, Elem}

   It has a curse which improves the following skills: Beguiling: Conjurations,
   Hexes and Translocations.
   Elements:  Fire Magic, Ice Magic, Air Magic and Earth Magic.
Jewellery
 g - a ring of resist corrosion
 t - the cursed amulet of Star-Bound Wisdom (around neck) {Reflect SH+5, Self, Comp}
   (You found it on level 4 of the Dungeon)

   [amulet of reflection]

   It reflects blocked missile attacks.
   SH:        It affects your SH (+5).
   It has a curse which improves the following skills: Introspection: Fighting
   and Spellcasting.
   Companions: Summonings and Necromancy.
 w - an amulet of the acrobat
Wands
 p - a wand of polymorph (3)
 q - a wand of mindburst (8) (quivered)
 u - a wand of flame (21)
Scrolls
 f - 3 scrolls of blinking
 h - a scroll of summoning
 i - 2 scrolls of vulnerability
 l - a scroll of silence
 n - a scroll of poison
 r - a scroll of identify
 s - 2 scrolls of teleportation
 v - a scroll of enchant armour
Potions
 d - a potion of might
 e - a potion of brilliance
 j - a potion of flight
 k - 2 potions of ambrosia
 m - a potion of degeneration


   Skills:
 + Level 4.8(5.6) Fighting
 + Level 5.2 Axes
 + Level 4.6 Armour
 + Level 1.4 Dodging
 + Level 0.2 Stealth
 + Level 4.2 Shields


You had 4 spell levels left.
You didn't know any spells.
Your spell library contained the following spells:

 Spells                   Type           Power      Damage    Failure   Level
 Dispersal                Tloc           0%         N/A       100%        6
 Disjunction              Tloc           0%         N/A       100%        8


Dungeon Overview and Level Annotations

Branches:
Dungeon (4/15)             Temple (1/1) D:4

Altars:
Ashenzari
Dithmenos
Fedhas
Gozag
Hepliaklqana
Kikubaaqudgha
Okawaru
Ru
Sif Muna
Trog
Uskayaw
Vehumet
Wu Jian
Xom
Yredelemnul
Zin
The Shining One

Annotations:
D:4 1 runed translucent door, Crazy Yiuf


Innate Abilities, Weirdness & Mutations

You have a pair of horns on your head.
You reflexively headbutt those who attack you in melee.


Message History

You kill the endoplasm!
You now have 251 gold pieces (gained 16).
Found a +0 falchion.
An iguana comes into view.
The iguana hisses angrily.
You slash the iguana! You headbutt the iguana.
The iguana is almost dead.
You block the iguana's attack.
You slash the iguana!
You kill the iguana!
Your Axes skill increases to level 5!
Things that are here:
a +0 falchion; an iguana corpse
Found a scroll of enchant armour.
Found a stone staircase leading down.
A hornet comes into view.
The hornet buzzes angrily.
You see here a scroll of enchant armour.
You block the hornet's attack.
The hornet stings you but does no damage.
You block the hornet's attack.
You hit the hornet but do no damage. You block the hornet's attack.
The hornet stings you but does no damage.
You slash the hornet! Your headbutt misses the hornet.
The hornet is lightly wounded.
The hornet stings you but does no damage.
The hornet stings you!
You feel yourself slow down.
You miss the hornet.
The hornet is lightly wounded.
The hornet stings you!
You feel as though you will be slow longer.
The hornet stings you!
* * * LOW HITPOINT WARNING * * *
You feel as though you will be slow longer.
The hornet stings you!
* * * LOW HITPOINT WARNING * * *
You feel as though you will be slow longer.
You hit the hornet. Your headbutt misses the hornet.
The hornet is moderately wounded.
The hornet stings you.
You die...

.... ....
#... #...#
#....###
#......##
#....y.##
#....@.?##
#........#
#........#
#........##
#.........#
#.......>.#
#
#.........#
##
###..######
#. #..##
##.


You could see a hornet.

Vanquished Creatures
  A jelly (D:4)
  2 iguanas (D:4)
  2 orc wizards (D:3)
  4 adders
  2 worms (D:2)
  2 dart slugs
  5 orcs
  5 endoplasms
  2 giant cockroaches (D:1)
  6 goblins
  7 hobgoblins
  6 quokkas
  13 ball pythons
  6 bats
  A frilled lizard (D:1)
  6 kobolds
  5 rats
75 creatures vanquished.

Vanquished Creatures (collateral kills)
  A dart slug (D:2)
1 creature vanquished.

Grand Total: 76 creatures vanquished

Notes
Turn   | Place    | Note
-------+----------+-------------------------------------------
     0 | D:1      | GigaChad the Minotaur Fighter began the quest for the Orb.
     0 | D:1      | Reached XP level 1. HP: 19/19 MP: 0/0
   184 | D:1      | Reached XP level 2. HP: 24/27 MP: 1/1
   274 | D:1      | Reached skill level 3 in Axes
   743 | D:2      | Reached XP level 3. HP: 32/33 MP: 2/2
  1210 | D:2      | Found a faded altar of an unknown god.
  1222 | D:2      | Prayed at the altar of an unknown god.
  1222 | D:2      | Became a worshipper of Ashenzari the Shackled
  1597 | D:2      | Reached XP level 4. HP: 33/41 MP: 3/3
  1888 | D:3      | Reached skill level 4 in Axes
  1888 | D:3      | Reached skill level 1 in Dodging
  1930 | D:3      | Reached XP level 5. HP: 6/47 MP: 4/4
  2927 | D:4      | Found a staircase to the Ecumenical Temple.
  2976 | D:4      | Reached * piety under Ashenzari
  3044 | Temple   | Entered the Ecumenical Temple
  3099 | D:4      | Found a runed translucent door.
  3100 | D:4      | Noticed Crazy Yiuf
  3580 | D:4      | Reached skill level 5 in Axes
  3590 | D:4      | Noticed a hornet
  3597 | D:4      | HP: 1/50 [hornet (13)]
  3598 | D:4      | Slain by a hornet

Illustrated notes

Levels and vault maps discovered:
D:1:      minmay_arrival_checkered_box, layout_rooms, minmay_shallow_snake_nest
D:2:      layout_basic, dreamdust_ecumenical_altar_statues, minmay_heptomino_o4
D:3:      layout_rooms, grunt_decor_one_mirror, kennysheep_generic_room_15
D:4:      layout_cave_pods, minmay_temple_entry_stoned_glass,
          uniq_crazy_yiuf_cottage
Temple:   sentei_temple_godly_chess

Skill      XL: |  1  2  3  4  5 |
---------------+----------------+-----
Fighting       | 4 |  4.8
Axes           | 3 4 5 |  5.2
Shields        | 4 |  4.2
Armour         | 4 |  4.6
Dodging        | 1 |  1.4
Stealth        | |  0.2

Action                   |  1- 3 |  4- 6 || total
-------------------------+-------+-------++-------
Melee: War axe           |    79 |    67 ||   146
       Headbutt          |     6 |     7 ||    13
Invok: Curse Item        |     1 |     1 ||     2
Evoke: Wand              |       |     3 ||     3
  Use: Scroll            |     3 |     2 ||     5
Armor: Scale mail        |    60 |    44 ||   104
Dodge: Dodged            |    48 |    34 ||    82
Block: Buckler           |    16 |    32 ||    48
